 Dungeon Crawl Stone Soup version 0.27.1 (webtiles) character file.

Game seed: 9466565976682999347

1274 safid the Cleaver (level 8, -7/69 HPs)
             Began as a Hill Orc Fighter on Sept 2, 2021.
             Killed from afar by an electric eel (15 damage)
             ... with a bolt of electricity
             ... on level 7 of the Dungeon.
             The game lasted 00:10:26 (2728 turns).

safid the Cleaver (Hill Orc Fighter)                Turns: 2728, Time: 00:10:27

Health: -7/69      AC: 11    Str: 21    XL:     8   Next: 53%
Magic:  8/8        EV:  7    Int:  8    God:
Gold:   76         SH: 10    Dex: 16    Spells: 7/7 levels left

rFire    . . .     SeeInvis .   a - +0 war axe
rCold    . . .     Faith    .   c - +0 kite shield
rNeg     . . .     Spirit   .   b - +0 scale mail
rPois    .         Reflect  .   (no helmet)
rElec    .         Harm     .   m - +0 cloak
rCorr    .         Rampage  .   k - +2 pair of gloves
Will     .....                  (no boots)
Stlth    ..........             g - amulet of regeneration
HPRegen  1.21/turn              e - +6 ring of dexterity
MPRegen  0.11/turn              (no ring)

@: no status effects
A: no striking features
a: no special abilities


You were on level 7 of the Dungeon.
You visited 1 branch of the dungeon, and saw 7 of its levels.
You also visited: Sewer.

You collected 76 gold pieces.

Inventory:

Hand Weapons
 a - a +0 war axe (weapon)
Missiles
 i - 3 silver javelins (quivered)
 n - 3 boomerangs
 r - 3 throwing nets
 s - 13 poisoned darts
Armour
 b - a +0 scale mail (worn)
 c - a +0 kite shield (worn)
 k - a +2 pair of gloves (worn)
 m - a +0 cloak (worn)
Jewellery
 e - a +6 ring of dexterity (left hand)
 g - an amulet of regeneration (around neck)
Wands
 x - a wand of charming (9)
 z - a wand of iceblast (11)
Scrolls
 f - a scroll of teleportation {unknown}
 h - 2 scrolls of amnesia {unknown}
 j - 4 scrolls of identify {unknown}
 o - a scroll of fear {unknown}
 p - a scroll of acquirement {unknown}
 q - a scroll of silence {unknown}
 v - a scroll of vulnerability {unknown}
 y - a scroll of magic mapping {unknown}
Potions
 d - 2 potions of might
 l - 3 potions of curing
 t - 3 potions of flight
 u - a potion of heal wounds
 w - 2 potions of berserk rage {unknown}


   Skills:
 + Level 5.5 Fighting
 * Level 10.5 Axes
 + Level 5.0 Armour
 + Level 5.3 Shields


You had 7 spell levels left.
You didn't know any spells.
Your spell library contained the following spells:

 Spells                   Type           Power      Damage    Failure   Level
 Shock                    Conj/Air       0%         1d3       98%         1


Dungeon Overview and Level Annotations

Branches:
Dungeon (7/15)             Temple (0/1) D:5           Sewer (visited)

Altars:
Ashenzari

Shops:
D:2 ?[[=:   D:5 *

Annotations:
D:7 Pikel


Message History

A lemure comes into view.
You closely miss the lemure.
The lemure shouts!
You block the lemure's attack. The lemure hits you but does no damage.
You hit the lemure.
The lemure is lightly wounded.
You hit Pikel but do no damage. You slash the phantom!
The electric eel shoots out a bolt of lightning at you!
The bolt of electricity hits you! x2; You block the phantom's attack.
You closely miss the phantom.
The phantom is moderately damaged.
You hit the lemure but do no damage. You barely miss Pikel.
Pikel hits you with a +1 whip of freezing.
Pikel freezes you.
The electric eel shoots out a bolt of lightning at you!
The bolt of electricity hits you! x2
* * * LOW HITPOINT WARNING * * *
You block the phantom's attack. The lemure hits you but does no damage.
The electric eel shoots out a bolt of lightning at you!
The bolt of electricity hits you.
* * * LOW HITPOINT WARNING * * *
The bolt of electricity hits you!
* * * LOW HITPOINT WARNING * * *
Pikel hits you but does no damage.
You are too injured to fight recklessly!
You are too injured to fight recklessly!
Unknown command.
You are too injured to fight recklessly!
You are too injured to fight recklessly!
You are too injured to fight recklessly!
Unknown command.
You are too injured to fight recklessly!
You closely miss the lemure.
The lemure is lightly wounded.
You miss Pikel. You hit the phantom but do no damage.
The phantom hits you but does no damage.
The lemure barely misses you.
The electric eel shoots out a bolt of lightning at you!
The bolt of electricity hits you!
You die...

#.....#
.......#.....#
#......#.....#
#......#.....# #
#......#.....#.#
.....#55.(^...
...#K5....#
#.#@W5..#
#.......#
######......#
#.........#.;#
#....##...# .≈≈
#....##......≈≈
####....+..>...≈##
#.......###....#.
#....#### ....#


You could see Pikel, a phantom, 4 lemures and an electric eel.

Vanquished Creatures
  Prince Ribbit (D:7)
  A water moccasin (D:6)
  3 ogres (D:5)
  A centaur (D:3)
  A phantom (D:5)
  A kobold brigand (Sewer)
  3 orc priests
  A bullfrog skeleton (D:4)
  A gnoll shaman (D:3)
  2 iguanas
  A hound zombie (D:3)
  Robin (D:2)
  A howler monkey zombie (D:6)
  10 gnolls
  7 adders
  2 river rats (Sewer)
  A dart slug (D:2)
  16 orcs
  6 ball pythons
  8 endoplasms
  3 giant cockroaches
  9 goblins
  8 hobgoblins
  6 jackals
  7 kobolds
  2 quokkas (D:3)
  5 bats
  5 frilled lizards
  8 rats
121 creatures vanquished.

Vanquished Creatures (others)
  A fungus (D:2)
  A plant (D:2)
2 creatures vanquished.

Grand Total: 123 creatures vanquished

Notes
Turn   | Place    | Note
-------+----------+-------------------------------------------
     0 | D:1      | safid the Hill Orc Fighter began the quest for the Orb.
     0 | D:1      | Reached XP level 1. HP: 19/19 MP: 1/1
   216 | D:1      | Reached XP level 2. HP: 27/27 MP: 2/2
   365 | D:1      | Reached skill level 3 in Axes
   589 | D:1      | You fall into a shaft and drop 1 floor!
   589 | D:2      | Found Yvyafet's Book Boutique.
   599 | D:2      | Reached XP level 3. HP: 22/33 MP: 3/3
   654 | D:2      | Reached skill level 4 in Axes
   654 | D:2      | Reached XP level 4. HP: 40/40 MP: 4/4
   690 | D:2      | Noticed Robin
   707 | D:2      | Killed Robin
   858 | D:2      | Found Rynygg's Armour Shoppe.
  1014 | D:2      | Found Leuwatu's Magic Scroll Boutique.
  1108 | D:2      | Found Getudd's Jewellery Shoppe.
  1129 | D:2      | Found a faded altar of an unknown god.
  1135 | D:2      | Found Wetaud's Antique Armour Shoppe.
  1174 | D:2      | Got Plato's Tome of a Thousand Mystics
  1489 | D:3      | Reached XP level 5. HP: 46/46 MP: 5/5
  1539 | D:3      | Reached skill level 5 in Axes
  1575 | D:3      | Noticed a centaur
  1600 | D:3      | Killed a centaur
  1634 | D:3      | Reached skill level 6 in Axes
  1634 | D:3      | Reached XP level 6. HP: 32/53 MP: 6/6
  1921 | D:3      | Found a glowing drain.
  1950 | Sewer    | Entered a sewer
  1970 | Sewer    | Reached skill level 7 in Axes
  2040 | Sewer    | Reached XP level 7. HP: 56/60 MP: 7/7
  2061 | Sewer    | Found a glowing silver altar of Zin.
  2326 | D:4      | Found a broken altar of Ashenzari.
  2329 | D:5      | Entered Level 5 of the Dungeon
  2329 | D:5      | Found a staircase to the Ecumenical Temple.
  2350 | D:5      | Reached skill level 8 in Axes
  2456 | D:5      | Reached skill level 5 in Fighting
  2456 | D:5      | Reached skill level 9 in Axes
  2456 | D:5      | Reached skill level 5 in Shields
  2483 | D:5      | Reached XP level 8. HP: 68/68 MP: 8/8
  2560 | D:5      | Found Ijonim's Assorted Antiques.
  2686 | D:6      | Reached skill level 10 in Axes
  2692 | D:7      | Noticed Prince Ribbit
  2703 | D:7      | Killed Prince Ribbit
  2704 | D:7      | Reached skill level 5 in Armour
  2721 | D:7      | Noticed Pikel
  2728 | D:7      | Killed from afar by an electric eel

Illustrated notes

Levels and vault maps discovered:
D:1:      dpeg_arrival_leaves_temple_mockup, layout_basic
D:2:      layout_loops_ring, shapermc_ecumenical_altar_rom_forum, serial_shops,
          nicolae_shop_window_shopping, shop, shop, nicolae_shop_trees,
          nicolae_square_shop, uniq_robin
D:3:      layout_basic, gup_sewer_entry_glass
D:4:      layout_rooms, cheibrodos_ashenzari_chains, enter_ossuary_4,
          chequers_mini_garden, guppyfry_shop_venom
D:5:      layout_loops_ring, minmay_temple_entry_slanted, serial_shops, shop,
          kennysheep_decorative_pillar, kennysheep_another_room
D:6:      layout_loops_cross, fiery_altar_vehumet, overflow_temple_1_default
D:7:      layout_basic, mainiacjoe_overflow_large_starburst, serial_shops, shop,
          minivault_11, hangedman_abyss_or_decor_slice,
          hangedman_decor_clover_reticule, fountainhead, hex_intersection,
          uniq_prince_ribbit1, uniq_pikel

Skill      XL: |  1  2  3  4  5  6  7  8 |
---------------+-------------------------+-----
Axes           | 3 4 6 7 9 10 | 10.5
Fighting       | 4 5 |  5.5
Shields        | 4 5 |  5.3
Armour         | 4 5 |  5.0

Action                   |  1- 3 |  4- 6 |  7- 9 || total
-------------------------+-------+-------+-------++-------
Melee: War axe           |    52 |   197 |   137 ||   386
Armor: Scale mail        |    26 |   123 |    46 ||   195
Dodge: Dodged            |     9 |    61 |    30 ||   100
Block: Kite shield       |    31 |   120 |    58 ||   209
